 Dungeon Crawl Stone Soup version 0.17.2-1-ge4368a0 (webtiles) character file.

8384 Goblin1989 the Slicer (level 11, -2/69 HPs)
             Began as a Kobold Berserker on Sept 20, 2019.
             Was an Elder of Trog.
             Slain by Maud
             ... wielding a +4 demon trident
              (22 damage)
             ... on level 10 of the Dungeon.
             The game lasted 00:39:47 (13297 turns).

Goblin1989 the Slicer (Kobold Berserker)           Turns: 13297, Time: 00:39:47

Health: -2/69      AC:  7    Str: 16    XL:     11   Next: 54%
Magic:  11/11      EV: 26    Int:  5    God:    Trog [****..]
Gold:   370        SH:  9    Dex: 21    Spells: 0 memorised, 10 levels left

rFire  . . .     SeeInvis .     a - +2 dagger (freeze)
rCold  . . .     Clarity  .     L - +2 robe {MR+}
rNeg   . . .     SustAt   +     A - +2 buckler
rPois  .         Gourm    .     (no helmet)
rElec  .         Spirit   .     B - +2 cloak
rCorr  +         Warding  .     (no gloves)
rMut   .         Stasis   .     (no boots)
MR     +++..                    g - amulet of resist corrosion
Stlth  +++++.....               (no ring)
                                o - ring of sustain attributes

@: exhausted, regenerating, slowed, very slow, extremely resistant to hostile
enchantments, quite stealthy
A: repulsion field 2, agile 1, carnivore 3, sense surroundings 1, regeneration
1, wild magic 1
a: Berserk, Trog's Hand, Brothers in Arms, Burn Spellbooks, Renounce Religion


You were on level 10 of the Dungeon.
You worshipped Trog.
Trog was greatly pleased with you.
You were very full.

You visited 1 branch of the dungeon, and saw 11 of its levels.

You collected 370 gold pieces.

Inventory:

Hand Weapons
 a - a +2 dagger of freezing (weapon)
 b - a +0 dagger of venom
 w - a +0 blowgun {@w1}
 C - a +0 rapier
 K - a +2 dagger of distortion {!w}
Missiles
 r - 15 poisoned needles
 s - 5 needles of sleeping
 u - 5 steel tomahawks (quivered)
 x - 19 tomahawks
 G - 12 exploding tomahawks
 Z - 2 throwing nets {!d, =f}
Armour
 e - a troll hide
 A - a +2 buckler (worn)
 B - a +2 cloak (worn)
 J - a +0 shield
 L - a +2 robe of magic resistance (worn)
Jewellery
 g - an amulet of resist corrosion (around neck)
 l - a ring of flight
 o - a ring of sustain attributes (left hand)
 y - a ring of fire
Wands
 z - a wand of magic darts (24)
 P - a wand of paralysis (0)
Scrolls
 i - a scroll of remove curse {@r2}
 n - a scroll of recharging
 p - a scroll of immolation
 D - a scroll of acquirement {unknown}
 E - 3 scrolls of fog
 H - 2 scrolls of silence {unknown}
 M - 5 scrolls of magic mapping
 T - 3 scrolls of teleportation {!r, @r3}
Potions
 f - 8 potions of curing {@q1}
 h - a potion of might
 m - 3 potions of cancellation
 q - 2 potions of agility
 t - a potion of flight
 v - a potion of berserk rage
 I - 2 potions of haste {@q3, !q}
Comestibles
 c - 3 meat rations {@e2}
 d - 4 beef jerkies
 j - a slice of pizza
 F - 11 royal jellies
 N - a chunk of flesh


   Skills:
 + Level 8.5 Fighting
 * Level 12.8 Short Blades
 - Level 5.1 Throwing
 - Level 1.5 Armour
 + Level 8.7 Dodging
 - Level 9.0 Stealth
 + Level 5.1 Shields


You had 10 spell levels left.
You didn't know any spells.

Dungeon Overview and Level Annotations

Branches:
Dungeon (11/15)            Temple (0/1) D:6            Lair (0/8) D:8
    Orc (0/4) D:9

Altars:
Dithmenos
Fedhas
Gozag
Kikubaaqudgha
Nemelex Xobeh
Ru
Sif Muna
Vehumet
Xom

Annotations:
D:10 Maud


Innate Abilities, Weirdness & Mutations

You are small and have problems with some larger weapons.
You are carnivorous and can eat meat at any time.
You are surrounded by a moderate repulsion field (EV +3).
You are agile. (Dex +2)
You passively map a small area around you.
Your natural rate of healing is unusually fast.
Your spells are a little harder to cast, but a little more powerful.


Message History

No target in view!
No target in view!
No target in view!
No target in view!
No target in view!
No target in view!
No target in view!
No target in view!
No target in view!
No target in view!
No target in view!
No target in view!
No target in view!
No target in view!
No target in view!
No target in view!
No target in view!
No target in view!
No target in view!
No target in view!
No target in view!
(D) Dungeon (T) Temple (L) Lair (O) Orcish Mines
Where to? (Enter - D:9, ? - help)
There is a stone staircase leading up here.
Found a stone staircase leading down.
There is an open door here.
There is a stone staircase leading down here.
You climb downwards.
Marking area around Maud as unsafe for travelling.
Maud the Forgotten comes into view.
She is wielding an enchanted demon trident.
There is a stone staircase leading up here.
Health restored: 69 A red film seems to cover your vision as you go berserk!
You feel yourself moving faster!
You feel mighty!
You feel somewhat less full.
Maud shouts!
You hear a shout!
You block Maud's attack.
You now have 103/103 hp.
You feel a strong urge to attack something.
Maud screams, "I want it!"
Maud barely misses you.
You feel your anger subside.
A gnoll comes into view. It is wielding a club.
The gnoll shouts!
You hear a shout!
You hear a shout!
Maud hits you from afar with an enchanted demon trident!!
You take 29 damage, and have 74/103 hp.
O_OOPS!!
MASSIVE DAMAGE!!
A gnoll comes into view.
You are no longer berserk.
You are exhausted.
You feel yourself slow down.
The gnoll shouts!
You now have 50/69 hp.
Press: ? - help, v - describe, . - travel
Here: Maud, wielding an enchanted demon trident and wearing a chain mail The floor.
The gnoll barely misses you. The gnoll misses you. Maud completely misses you.
The gnoll hits you with a club!
You take 8 damage, and have 44/69 hp.
Press: ? - help, v - describe, . - travel
Here: a gnoll, wielding a club The floor.
You fail to use your ability.
You block Maud's attack. Maud barely misses you.
A gnoll sergeant comes into view. It is wielding a spear.
You fail to use your ability.
You block Maud's attack.
A gnoll comes into view.
Your skin crawls.
You feel resistant to hostile enchantments.
You feel slightly less full. You block Maud's attack. Maud closely misses you.
A gnoll comes into view.
You regained 2 hp, and now have 49/69 hp.
You regained 2 hp, and now have 51/69 hp.
You regained 2 hp, and now have 53/69 hp.
Maud hits you from afar with an enchanted demon trident.
You take 3 damage, and have 50/69 hp.
You regained 2 hp, and now have 52/69 hp.
Maud hits you from afar with an enchanted demon trident!!
* * * LOW HITPOINT WARNING * * *
You take 28 damage, and have 24/69 hp.
O_OOPS!!
MASSIVE DAMAGE!!
You regained 2 hp, and now have 26/69 hp.
Evoke which item? (* to show all) (? for menu, Esc to quit)
Zapping:
P - a wand of paralysis {zapped: 5} (will waste charges)
Press: ? - help, Shift-Dir - straight line, f - Maud
Aim: Maud, wielding an enchanted demon trident and wearing a chain mail (chance to defeat MR: 6%)
Okay, then.
Unknown command.
Drink which item? (? for menu, Esc to quit)
Okay, then.
Quiver which item? (- for none, * to show all) (? for menu, Esc to quit)
Quivering
k - a book of Alchemy for throwing.
Tossing away (i - inventory. (,) - cycle):
k - a book of Alchemy (quivered)
Press: ? - help, Shift-Dir - straight line, f - Maud
Aim: Maud, wielding an enchanted demon trident and wearing a chain mail You toss away a book of Alchemy.
The book of Alchemy hits Maud but does no damage.
You feel the effects of Trog's Hand fading.
Maud hits you from afar with an enchanted demon trident!
* * * LOW HITPOINT WARNING * * *
Maud hits you from afar with an enchanted demon trident!!
You die... █.█ ▓ · ███. █g█ ▓ ▓· ▓ · █. █g█ ▓ · . · █. █g█ ▓ · .. · ▓▓ ██ █.█ ▓ ... · ▓ ██ █g█

.... ·· ·..
█.█ .....· · ▓
██
█g█████......·
▓
█gg@.@......█
███████.███.█
· ?.▓· █ · .█
. ▓▓ ▓▓ ▓·.. ▓
. · .. . ▓ . █
▓ ▓ ▓ ▓


You could see Maud and 3 gnolls.

Vanquished Creatures
  A manticore (D:11)
  Joseph (D:7)
  Psyche (D:9)
  A fire drake (D:8)
  A troll (D:9)
  Prince Ribbit (D:5)
  Sigmund (D:6)
  3 yaks (D:10)
  A shadow (D:9)
  A hippogriff (D:8)
  Eustachio (D:5)
  A hungry ghost (D:7)
  Menkaure (D:7)
  Duvessa (D:6)
  6 orc warriors
  4 ice beasts
  2 sky beasts
  3 ogres
  A necrophage (D:6)
  A black bear (D:8)
  2 phantoms (D:5)
  3 centaurs
  2 big kobolds (D:8)
  Blork the orc (D:6)
  A gnoll sergeant (D:9)
  6 giant frogs
  Dowan (D:6)
  A wyvern skeleton (D:7)
  4 scorpions
  3 killer bees (D:4)
  18 wights
  A lava snake (D:9)
  4 hounds
  3 crimson imps
  2 giant frog zombies
  4 jellies
  Crazy Yiuf (D:6)
  A gnoll shaman (D:8)
  6 orc priests
  9 orc wizards
  A centaur skeleton (D:6)
  3 iguanas
  9 worker ants
  A hound skeleton (D:7)
  4 gnolls (D:9)
  11 adders
  A shadow imp (D:7)
  8 oozes
  4 worms
  4 giant geckos
  42 orcs
  8 giant cockroaches
  5 hobgoblins
  8 jackals
  19 kobolds
  A ball python (D:2)
  4 bats
  2 giant gecko skeletons
  2 giant newts (D:1)
  3 goblins
  A jackal skeleton (D:5)
  3 quokkas
  3 quokka skeletons
  A quokka zombie (D:8)
  6 rats
260 creatures vanquished.

Vanquished Creatures (others)
  An orc (D:2)
1 creature vanquished.

Grand Total: 261 creatures vanquished

Notes
Turn   | Place    | Note
--------------------------------------------------------------
     0 | D:1      | Goblin1989 the Kobold Berserker began the quest for the Orb.
     0 | D:1      | Reached XP level 1. HP: 14/14 MP: 1/1
   344 | D:1      | Reached XP level 2. HP: 13/19 MP: 2/2
   365 | D:1      | Reached skill level 1 in Stealth
  1069 | D:2      | Reached XP level 3. HP: 24/24 MP: 3/3
  1315 | D:2      | Reached ** piety under Trog
  1344 | D:2      | Reached XP level 4. HP: 17/29 MP: 4/4
  1376 | D:2      | Found a sacrificial altar of Ru.
  2658 | D:2      | Reached skill level 5 in Short Blades
  3192 | D:2      | Reached XP level 5. HP: 33/33 MP: 5/5
  3838 | D:4      | Reached XP level 6. HP: 39/39 MP: 6/6
  3856 | D:4      | Reached skill level 6 in Short Blades
  3856 | D:4      | Reached skill level 1 in Throwing
  4366 | D:4      | Reached XP level 7. HP: 30/44 MP: 7/7
  4745 | D:4      | Reached *** piety under Trog
  5356 | D:5      | Entered Level 5 of the Dungeon
  5393 | D:5      | Noticed Prince Ribbit
  5412 | D:5      | Reached skill level 7 in Short Blades
  5422 | D:5      | Killed Prince Ribbit
  5422 | D:5      | Reached skill level 5 in Fighting
  5422 | D:5      | Reached skill level 1 in Shields
  5422 | D:5      | Reached XP level 8. HP: 49/49 MP: 8/8
  5505 | D:5      | Found a shadowy altar of Dithmenos.
  5508 | D:5      | Found a deep blue altar of Sif Muna.
  5511 | D:5      | Found a radiant altar of Vehumet.
  5523 | D:5      | Found an ancient bone altar of Kikubaaqudgha.
  5537 | D:5      | Noticed Eustachio
  5561 | D:5      | Killed Eustachio
  5747 | D:5      | Reached skill level 8 in Short Blades
  5747 | D:5      | Reached skill level 5 in Dodging
  5747 | D:5      | Reached skill level 5 in Stealth
  6354 | D:6      | Noticed Dowan
  6355 | D:6      | Noticed Duvessa
  6478 | D:6      | Killed Duvessa
  6488 | D:6      | Killed Dowan
  6557 | D:6      | Reached XP level 9. HP: 48/54 MP: 9/9
  6701 | D:6      | Reached skill level 9 in Short Blades
  6747 | D:6      | Found a staircase to the Ecumenical Temple.
  6748 | D:6      | Found a shimmering altar of Xom.
  7065 | D:6      | Noticed Crazy Yiuf
  7074 | D:6      | Killed Crazy Yiuf
  7097 | D:6      | Gained mutation: You are surrounded by a mild repulsion field (EV +2). [potion of mutation]
  7097 | D:6      | Gained mutation: Your spells are a little harder to cast, but a little more powerful. [potion of mutation]
  7097 | D:6      | Gained mutation: You passively map a small area around you. [potion of mutation]
  7098 | D:6      | Gained mutation: You are agile. (Dex +2) [potion of mutation]
  7098 | D:6      | Gained mutation: You are surrounded by a moderate repulsion field (EV +3). [potion of mutation]
  7098 | D:6      | Gained mutation: Your natural rate of healing is unusually fast. [potion of mutation]
  7151 | D:6      | Noticed Sigmund
  7157 | D:6      | Killed Sigmund
  7379 | D:6      | Noticed Blork the orc
  7397 | D:6      | Killed Blork the orc
  8192 | D:7      | Reached skill level 10 in Short Blades
  8264 | D:7      | Noticed Joseph
  8274 | D:7      | Killed Joseph
  8274 | D:7      | Reached XP level 10. HP: 60/60 MP: 10/10
  8279 | D:7      | Noticed Menkaure
  8287 | D:7      | Killed Menkaure
  8476 | D:7      | Reached skill level 5 in Throwing
  8808 | D:7      | Reached **** piety under Trog
  9134 | D:8      | Received a gift from Trog
  9226 | D:8      | Reached skill level 11 in Short Blades
 10830 | D:8      | Found a staircase to the Lair.
 10944 | D:9      | Reached XP level 11. HP: 66/66 MP: 11/11
 11222 | D:9      | Reached skill level 12 in Short Blades
 11390 | D:9      | You fall through a shaft for 2 floors!
 11502 | D:11     | Noticed a manticore
 11541 | D:11     | Received a gift from Trog
 11567 | D:11     | Killed a manticore
 11582 | D:10     | Entered Level 10 of the Dungeon
 11934 | D:10     | Found an opulent altar of Gozag.
 12275 | D:9      | Reached skill level 5 in Shields
 12322 | D:9      | Found a blossoming altar of Fedhas.
 12341 | D:9      | Found a staircase to the Orcish Mines.
 12732 | D:9      | Found a sparkling altar of Nemelex Xobeh.
 12895 | D:9      | Noticed Psyche
 12907 | D:9      | Killed Psyche
 13275 | D:10     | Noticed Maud
 13297 | D:10     | Slain by Maud

Action                   |  1- 3 |  4- 6 |  7- 9 | 10-12 || total
-------------------------+-------+-------+-------+-------++-------
Melee: Dagger            |   103 |   187 |    82 |   886 ||  1258
       Short sword       |     4 |       |       |       ||     4
       Rapier            |       |       |   332 |    95 ||   427
 Fire: Blowgun           |       |    17 |    20 |    92 ||   129
Throw: Tomahawk          |       |       |     4 |     9 ||    13
Invok: Berserk           |     3 |     5 |     9 |     7 ||    24
       Trog's Hand       |       |     1 |     1 |     6 ||     8
Evoke: Wand              |       |       |       |     2 ||     2
  Use: Scroll            |     3 |     1 |    13 |     6 ||    23
       Potion            |       |       |     3 |     4 ||     7
 Stab: Sleeping          |     5 |     3 |    11 |    31 ||    50
       Distracted        |     1 |       |       |     2 ||     3
  Eat: Chunk             |    11 |    14 |    25 |    26 ||    76

Vault maps used:
D:1:      minmay_arrival_four_circles, minivault_26, serial_bayou_pond_d,
          amethyst_killhole, kennysheep_another_room, minmay_misc_feat_enclosed
D:2:      st_stairs_3, hangedman_ru_absence
D:4:      first_bread
D:5:      grunt_temple_overflow_cloverleaf, uniq_prince_ribbit1, uniq_eustachio
D:6:      lemuel_round_altar, uniq_blork_the_orc, uniq_crazy_yiuf_cottage,
          uniq_sigmund, uniq_duvessa
D:7:      uniq_menkaure, uniq_joseph
D:8:      wad_arrow_thing, minmay_lair_entry_lava,
          hangedman_little_slice_of_home, minmay_unpleasant_kobolds
D:9:      nemelex_altar_shiori, kennysheep_mini_moat, nrook_mini_vaults,
          kennysheep_small_spiral, uniq_psyche
D:10:     nicolae_gozag_cash_rules_everything_around_me, uniq_erolcha, uniq_maud
D:11:     uniq_josephine
